 Dungeon Sprint DCSS version 0.20-a0-633-gff4aa5c (webtiles) character file.

205 Kidiri the Thaumaturge (level 5, -11/32 HPs)
             Began as a Deep Elf Fire Elementalist on Feb 11, 2017.
             Was an Initiate of Vehumet.
             Collided with a stone wall (13 damage)
             ... caused by a deep elf mage
             ... in the Dungeon (Sprint III: "The Ten Rune Challenge").
             The game lasted 00:06:15 (522 turns).

Kidiri the Thaumaturge (Deep Elf Fire Elementalist)  Turns: 522, Time: 00:06:16

Health: -11/32     AC:  2    Str:  5    XL:     5   Next: 52%
Magic:  13/17      EV: 15    Int: 25    God:    Vehumet [......]
Gold:   53         SH:  0    Dex: 15    Spells: 2/20 levels left

rFire    . . .     SeeInvis .   l - +0 dagger
rCold    . . .     Gourm    .   a - +0 robe
rNeg     . . .     Faith    .   (no shield)
rPois    +         Spirit   .   (no helmet)
rElec    .         Reflect  .   (no cloak)
rCorr    .         Harm     .   (no gloves)
MR       .....     Clarity  +   (no boots)
Stlth    ++........ NoTele   +  (no amulet)
Regen    0.1/turn               (no ring)
                                (no ring)

@: no status effects
A: claws 1, clarity, clever 2, poison resistance
a: Renounce Religion


You were in the Dungeon.
You worshipped Vehumet.
Vehumet was noncommittal.
You were not hungry.

You visited 1 branch You collected 53 gold pieces.

Inventory:

Hand Weapons
 l - a +0 dagger (weapon)
Armour
 a - a +0 robe (worn)
Scrolls
 i - a scroll of blinking
 m - 2 scrolls of holy word {unknown}
 n - a scroll of identify {unknown}
 o - a scroll of immolation {unknown}
 r - 2 scrolls of remove curse {unknown}
Potions
 d - a potion of curing
 e - a potion of heal wounds
 f - 2 potions of haste
 g - 2 potions of magic
 h - a potion of berserk rage
 q - 2 potions of flight
Comestibles
 c - a bread ration
 p - 2 royal jellies


   Skills:
 + Level 3.0 Fighting
 + Level 3.3 Short Blades
 + Level 3.1 Armour
 + Level 5.4 Dodging
 - Level 2.4 Stealth
 * Level 8.4 Spellcasting
 + Level 4.5 Conjurations
 + Level 5.5 Fire Magic


You had 2 spell levels left.
You knew the following spells:

 Your Spells              Type           Power        Failure   Level  Hunger
a - Flame Tongue          Conj/Fire      #####        1%          1    None
b - Throw Flame           Conj/Fire      #####.       1%          2    None
c - Conjure Flame         Conj/Fire      #####...     1%          3    None
d - Inner Flame           Hex/Fire       ###.....     8%          3    None
e - Sticky Flame          Conj/Fire      #####...     10%         4    ##.....
f - Fireball              Conj/Fire      #####.....   21%         5    ####...


Dungeon Overview and Level Annotations

Branches:
Dungeon (1/1)

Altars:
Elyvilon
Kikubaaqudgha
Sif Muna
Vehumet
Zin
The Shining One


Innate Abilities, Weirdness & Mutations

You have sharp fingernails.
You possess an exceptional clarity of mind.
Your mind is very acute. (Int +4)
Your system is resistant to poisons. (rPois)


Message History

You puncture the deep elf mage!
The deep elf mage is heavily wounded.
The deep elf mage gestures at you while chanting.
The magic dart hits you!
Casting: Sticky Flame
Confirm with . or Enter, or press ? or * to list all spells.
Aiming: Sticky Flame
Press: ? - help, Shift-Dir - straight line, f - deep elf mage
Aim: a deep elf mage, wielding a long sword of holy wrath (heavily wounded)
The sticky flame hits the deep elf mage.
The deep elf mage is severely wounded.
The deep elf mage is covered in liquid flames!
The deep elf mage burns!
The deep elf mage gestures at you while chanting.
The lance of force hits you!
Ouch! That really hurt!
* * * LOW HITPOINT WARNING * * *
You are knocked back by the lance of force.
You slam into the stone wall!
You die...

▓▓▓▓ ▓▓▓ [..####
##.#####
......#####..#___#
.......#..#..#e.@#
#.##..÷#..#..###'#+###+
#.###..##+#..#..........
##.##..###...'.⌠........
..##..####...#...######+
..##..###....#.⌠.#
.##[..##.....#...#
##....#......#+###
##..##.#.....#.):#


You could see a deep elf mage (burning).

Vanquished Creatures
  A water elemental (D)
  A scorpion (D)
  Jessica (D)
  A wizard (D)
  A human (D)
  A kobold demonologist (D)
  2 oozes (D)
  A rat (D)
9 creatures vanquished.

Vanquished Creatures (others)
  2 draconian scorchers (D)
  6 hellions (D)
  A yaktaur (D)
9 creatures vanquished.

Grand Total: 18 creatures vanquished

Notes
Turn   | Place    | Note
-------+----------+-------------------------------------------
     0 | D        | Kidiri the Deep Elf Fire Elementalist began the quest for the Orb.
     0 | D        | Reached XP level 1. HP: 10/10 MP: 6/6
    63 | D        | Reached skill level 1 in Armour
    63 | D        | Reached skill level 4 in Spellcasting
    63 | D        | Reached XP level 2. HP: 12/16 MP: 2/9
    68 | D        | Learned a level 2 spell: Throw Flame
    85 | D        | Killed a hellion
    85 | D        | Killed a hellion
    91 | D        | Killed a yaktaur
   100 | D        | Killed a hellion
   101 | D        | Killed a hellion
   148 | D        | Noticed Jessica
   149 | D        | Killed Jessica
   149 | D        | Reached skill level 1 in Fighting
   149 | D        | Reached skill level 5 in Spellcasting
   149 | D        | Reached XP level 3. HP: 20/20 MP: 6/12
   158 | D        | Learned a level 3 spell: Conjure Flame
   162 | D        | Learned a level 3 spell: Inner Flame
   189 | D        | Noticed a scorpion
   197 | D        | Reached skill level 1 in Short Blades
   197 | D        | Reached skill level 6 in Spellcasting
   198 | D        | Killed a hellion
   199 | D        | Killed a hellion
   214 | D        | Killed a white draconian scorcher
   218 | D        | Killed a scorpion
   218 | D        | Reached XP level 4. HP: 26/26 MP: 0/14
   224 | D        | Learned a level 4 spell: Sticky Flame
   243 | D        | Killed a white draconian scorcher
   354 | D        | Gained mutation: You have supernaturally acute eyesight. (SInv) [potion of mutation]
   354 | D        | Gained mutation: You have sharp toenails. [potion of mutation]
   355 | D        | Lost mutation: You have sharp toenails. [potion of mutation]
   355 | D        | Lost mutation: You have supernaturally acute eyesight. (SInv) [potion of mutation]
   355 | D        | Gained mutation: You are robust. (+10% HP) [potion of mutation]
   355 | D        | Gained mutation: Your system is resistant to poisons. (rPois) [potion of mutation]
   355 | D        | Gained mutation: Your magical capacity is low. (-10% MP) [potion of mutation]
   355 | D        | Gained mutation: You are partially covered in icy blue scales. (AC +2) [potion of mutation]
   356 | D        | Lost mutation: Your system is resistant to poisons. (rPois) [potion of mutation]
   356 | D        | Lost mutation: Your magical capacity is low. (-10% MP) [potion of mutation]
   356 | D        | Lost mutation: You are robust. (+10% HP) [potion of mutation]
   356 | D        | Gained mutation: Your mind is acute. (Int +2) [potion of mutation]
   356 | D        | Gained mutation: You tend to lose your temper in combat. [potion of mutation]
   356 | D        | Gained mutation: Your muscles are strong. (Str +2) [potion of mutation]
   356 | D        | Gained mutation: Your natural rate of healing is unusually fast. [potion of mutation]
   357 | D        | Lost mutation: You tend to lose your temper in combat. [potion of mutation]
   357 | D        | Lost mutation: Your natural rate of healing is unusually fast. [potion of mutation]
   357 | D        | Lost mutation: Your mind is acute. (Int +2) [potion of mutation]
   357 | D        | Lost mutation: Your muscles are strong. (Str +2) [potion of mutation]
   357 | D        | Gained mutation: You have large cloven feet. [potion of mutation]
   357 | D        | Gained mutation: Your skin changes colour to match your surroundings (Stealth+). [potion of mutation]
   357 | D        | Gained mutation: You evolve. [potion of mutation]
   358 | D        | Lost mutation: You have large cloven feet. [potion of mutation]
   358 | D        | Lost mutation: You evolve. [potion of mutation]
   358 | D        | Lost mutation: You are partially covered in icy blue scales. (AC +2) [potion of mutation]
   358 | D        | Gained mutation: You are partially covered in icy blue scales. (AC +2) [potion of mutation]
   358 | D        | Gained mutation: You are mostly covered in icy blue scales. (AC +3) [potion of mutation]
   359 | D        | Lost mutation: You are mostly covered in icy blue scales. (AC +3) [potion of mutation]
   359 | D        | Lost mutation: You are partially covered in icy blue scales. (AC +2) [potion of mutation]
   359 | D        | Lost mutation: Your skin changes colour to match your surroundings (Stealth+). [potion of mutation]
   359 | D        | Gained mutation: You are dopey. (Int -2) [potion of mutation]
   359 | D        | Gained mutation: You have sharp fingernails. [potion of mutation]
   359 | D        | Gained mutation: You have sharp toenails. [potion of mutation]
   359 | D        | Gained mutation: You possess an exceptional clarity of mind. [potion of mutation]
   360 | D        | Lost mutation: You are dopey. (Int -2) [potion of mutation]
   360 | D        | Lost mutation: You have sharp toenails. [potion of mutation]
   360 | D        | Gained mutation: Your system is resistant to poisons. (rPois) [potion of mutation]
   360 | D        | Gained mutation: Your mind is acute. (Int +2) [potion of mutation]
   360 | D        | Gained mutation: Your mind is very acute. (Int +4) [potion of mutation]
   408 | D        | Noticed a water elemental
   412 | D        | Killed a water elemental
   412 | D        | Reached skill level 5 in Dodging
   412 | D        | Reached skill level 7 in Spellcasting
   412 | D        | Reached skill level 5 in Fire Magic
   412 | D        | Reached XP level 5. HP: 23/31 MP: 12/17
   419 | D        | Learned a level 5 spell: Fireball
   487 | D        | Found a radiant altar of Vehumet.
   488 | D        | Found a deep blue altar of Sif Muna.
   488 | D        | Found an ancient bone altar of Kikubaaqudgha.
   489 | D        | Reached skill level 8 in Spellcasting
   491 | D        | Noticed a hellwing
   505 | D        | Became a worshipper of Vehumet
   518 | D        | Found a glowing silver altar of Zin.
   519 | D        | Found a glowing golden altar of the Shining One.
   519 | D        | Found a white marble altar of Elyvilon.
   519 | D        | Noticed a deep elf mage
   522 | D        | Collided with a stone wall

Vault maps used:
D:        dungeon_sprint_mu

Skill      XL: |  1  2  3  4  5 |
---------------+----------------+-----
Armour         | 1 2 3 |  3.1
Dodging        | 3 4 5 |  5.4
Spellcasting   | 4 5 6 7 8 |  8.4
Conjurations   | 2 3 4 |  4.5
Fighting       | 1 2 3 |  3.0
Fire Magic     | 4 5 |  5.5
Short Blades   | 2 3 |  3.3
Stealth        | |  2.4

Action                   |  1- 3 |  4- 6 || total
-------------------------+-------+-------++-------
Melee: Dagger            |       |     4 ||     4
 Cast: Flame Tongue      |    19 |     4 ||    23
       Throw Flame       |     2 |       ||     2
       Conjure Flame     |     1 |       ||     1
       Sticky Flame      |       |     2 ||     2
  Use: Potion            |       |     7 ||     7
 Stab: Sleeping          |       |     2 ||     2
Armor: Robe              |     1 |       ||     1
Dodge: Dodged            |     3 |     4 ||     7
